 Dungeon Crawl Stone Soup version 0.21-a0-29-g43b3074 (webtiles) character file.

137 KristoblXynda the Chopper (level 5, 0/38 HPs)
             Began as a Demonspawn Gladiator on May 26, 2017.
             Slain by tof's ghost (9 damage)
             ... on level 3 of the Dungeon.
             The game lasted 00:05:19 (2391 turns).

KristoblXynda the Chopper (Demonspawn Gladiator)    Turns: 2391, Time: 00:05:19

Health: 0/38       AC:  9    Str: 15    XL:     5   Next: 0%
Magic:  5/5        EV: 11    Int: 10    God:
Gold:   213        SH:  0    Dex: 14    Spells: 4/4 levels left

rFire    + . .     SeeInvis .   a - +0 war axe
rCold    . . .     Gourm    .   (no shield)
rNeg     . . .     Faith    .   h - +0 ring mail
rPois    .         Spirit   .   c - +0 helmet
rElec    .         Reflect  .   l - +0 cloak
rCorr    .         Harm     .   (no gloves)
MR       .....                  (no boots)
Stlth    +.........             (no amulet)
Regen    0.2/turn               (no ring)
MPRegen  0.1/turn               (no ring)

@: about to teleport, heavily drained
A: icy blue scales 1, fire resistance 1, powered by death 1
a: no special abilities


You were on level 3 of the Dungeon.
You were not hungry.

You visited 1 branch of the dungeon, and saw 3 of its levels.

You collected 213 gold pieces.

Inventory:

Hand Weapons
 a - a +0 war axe (weapon)
Missiles
 d - 5 throwing nets (quivered)
Armour
 c - a +0 helmet (worn)
 h - a +0 ring mail (worn)
 l - a +0 cloak (worn)
Wands
 o - a wand of lightning (8/15)
 t - a wand of digging (11/24)
Scrolls
 b - a scroll of magic mapping {unknown}
 i - 3 scrolls of identify
 m - 2 scrolls of fear
 n - 2 scrolls of remove curse
 q - a scroll of amnesia
 r - a scroll of immolation {unknown}
Comestibles
 f - 3 bread rations
 u - 2 chunks of flesh


   Skills:
 - Level 2.0(0.7) Fighting
 * Level 4.1(2.8) Axes
 + Level 2.8(1.5) Throwing
 + Level 1.1(0.0) Armour
 - Level 3.0(1.7) Dodging


You had 4 spell levels left.
You didn't know any spells.

Dungeon Overview and Level Annotations

Branches:
Dungeon (3/15)

Altars:
Gozag
Trog

Annotations:
D:3 tof's ghost, amateur MfGl


Innate Abilities, Weirdness & Mutations

You are partially covered in icy blue scales. (AC +2)
Your flesh is heat resistant. (rF+)
You regenerate a little health from kills.


Message History

You feel magically purged.
You feel yourself slow down.
As you read the scroll labeled BOALIX OCHARA, it crumbles to dust.
It is a scroll of identify.
m - 2 scrolls of fear Tof's ghost hits you!
As you read the scroll labeled TEILAT VOCZI, it crumbles to dust.
You feel blessed for a moment.
It was a scroll of remove curse.
Tof's ghost hits you.
Unknown command.
As you read the scroll labeled LUSTRO EKEODYR, it crumbles to dust.
It is a scroll of amnesia.
You feel forgetful for a moment. Tof's ghost hits you.
* * * LOW HITPOINT WARNING * * *
Some of the chunks of flesh in your inventory have rotted away.
Unknown command.
As you read the scroll labeled FAIRAC ADDEO, it crumbles to dust.
You feel strangely unstable.
It was a scroll of teleportation.
Tof's ghost hits you!
You die...

###'## #....#
######....# #.........#
#.........###.#
#######.............#
.........)..>##.#####
#######......##.#####.#.
## #......##.@WS..... .#
###'###########.#< .#
#.# .# #.# .# #.# .# #.#
.# .# .##


You could see tof's ghost and an adder.

Vanquished Creatures
  Crazy Yiuf (D:2)
  An adder (D:3)
  An ooze (D:1)
  4 worms
  3 leopard geckos
  An orc (D:3)
  5 bats
  6 giant cockroaches
  5 goblins
  15 hobgoblins
  8 jackals (D:2)
  A ball python (D:1)
  4 frilled lizards
  10 kobolds
  7 rats
72 creatures vanquished.

Notes
Turn   | Place    | Note
-------+----------+-------------------------------------------
     0 | D:1      | KristoblXynda the Demonspawn Gladiator began the quest for the Orb.
     0 | D:1      | Reached XP level 1. HP: 16/16 MP: 1/1
    56 | D:1      | Gained mutation: You regenerate a little health from kills. [demonic ancestry]
    56 | D:1      | Reached XP level 2. HP: 20/22 MP: 2/2
   138 | D:1      | Reached skill level 3 in Axes
   366 | D:1      | Gained mutation: You are partially covered in icy blue scales. (AC +2) [demonic ancestry]
   366 | D:1      | Reached XP level 3. HP: 27/27 MP: 3/3
   744 | D:2      | Found a runed door.
   798 | D:2      | Noticed Crazy Yiuf
   814 | D:2      | Killed Crazy Yiuf
   814 | D:2      | Gained mutation: Your flesh is heat resistant. (rF+) [demonic ancestry]
   814 | D:2      | Reached XP level 4. HP: 6/33 MP: 4/4
  1179 | D:2      | Reached skill level 1 in Armour
  1646 | D:2      | Reached skill level 4 in Axes
  1659 | D:2      | Found an opulent altar of Gozag.
  2157 | D:3      | Found a bloodstained altar of Trog.
  2187 | D:3      | Reached XP level 5. HP: 29/38 MP: 5/5
  2373 | D:3      | Noticed tof's ghost (amateur MfGl)
  2391 | D:3      | Slain by tof's ghost

Vault maps used:
D:1:      tarquinn_simple_flora_water_e, minmay_statues_item, nrook_mini_vaults,
          interstate_on_off
D:2:      grunt_gozag_statues, uniq_crazy_yiuf_cottage
D:3:      first_bread, trog_hazing_becter

Skill      XL: |  1  2  3  4 |
---------------+-------------+-----
Throwing       | 2 |  2.8
Axes           | 3 4 |  4.1
Dodging        | 3 |  3.0
Armour         | 1 |  1.1
Fighting       | |  2.0

Action                   |  1- 3 |  4- 6 || total
-------------------------+-------+-------++-------
Melee: War axe           |   113 |   119 ||   232
  Use: Potion            |       |     5 ||     5
       Scroll            |       |     4 ||     4
  Eat: Chunk             |       |     5 ||     5
Armor: Leather armour    |    19 |       ||    19
       Ring mail         |    42 |    58 ||   100
Dodge: Dodged            |   103 |    96 ||   199
